 Dungeon Crawl Stone Soup version 0.28-b1-25-g9875b3f (webtiles) character file.

Game seed: 13145951606732991372

4487 BALLS the Carver (level 10, -7/51 HPs)
             Began as a Vine Stalker Fighter on Feb 3, 2022.
             Was a Priest of Okawaru.
             Mangled by an orc warrior (17 damage)
             ... in a bailey.
             The game lasted 00:17:30 (6650 turns).

BALLS the Carver (Vine Stalker Fighter)             Turns: 6650, Time: 00:17:30

Health: -7/51      AC:  9    Str: 30    XL:     10   Next: 38%
Magic:  0/14       EV: 13    Int: 14    God:    Okawaru [***...]
Gold:   438        SH:  8    Dex: 13    Spells: 9/9 levels left

rFire   . . .      SeeInvis +   a - +0 long sword
rCold   . . .      Faith    .   E - +3 buckler "Xuca" {rElec SInv}
rNeg    . . .      Spirit   +   b - +0 scale mail
rPois   .          Reflect  .   n - +0 helmet
rElec   +          Harm     .   d - +0 cloak
rCorr   +          Rampage  .   (no gloves)
Will    +....                   (no boots)
Stlth   ..........              (no amulet)
HPRegen 0.97/turn               C - ring of the Prince {rCorr EV+4 Int+6 Stlth-}
MPRegen 0.14/turn               c - +6 ring of strength

@: mighty
A: fangs 3, regeneration 1, magic shield, antimagic bite, no potion heal 2
a: Renounce Religion, Heroism


You were in a bailey.
You worshipped Okawaru.
Okawaru was most pleased with you.
You visited 2 branches of the dungeon, and saw 11 of its levels.
You also visited: Bailey.

You collected 438 gold pieces.

Inventory:

Hand Weapons
 a - a +0 long sword (weapon)
 p - a +4 morningstar
Armour
 b - a +0 scale mail (worn)
 d - a +0 cloak (worn)
 m - a +0 kite shield
 n - a +0 helmet (worn)
 E - the +3 buckler "Xuca" (worn) {rElec SInv}
   (You found it on level 7 of the Dungeon)

   rElec:     It insulates you from electricity.
   SInv:      It lets you see invisible.
Jewellery
 c - a +6 ring of strength (right hand)
 o - a +6 ring of dexterity
 C - the ring of the Prince (left hand) {rCorr EV+4 Int+6 Stlth-}
   (You found it on level 6 of the Dungeon)

   [ring of evasion]

   EV:        It affects your evasion (+4).
   Int:       It affects your intelligence (+6).
   rCorr:     It protects you from acid and corrosion.
   Stlth:     It makes you less stealthy.
Wands
 v - a wand of charming (21)
 A - a wand of paralysis (8)
 D - a wand of iceblast (7)
 G - a wand of flame (19)
Scrolls
 g - 3 scrolls of torment
 h - a scroll of holy word
 i - a scroll of blinking {unknown}
 j - a scroll of enchant armour {unknown}
 k - a scroll of teleportation {unknown}
 r - a scroll of vulnerability {unknown}
 s - a scroll of enchant weapon {unknown}
 t - 2 scrolls of fog
 w - 3 scrolls of magic mapping {unknown}
 x - a scroll of immolation {unknown}
 y - 2 scrolls of amnesia {unknown}
 B - a scroll of summoning {unknown}
Potions
 e - 2 potions of ambrosia
 f - 3 potions of curing
 l - 2 potions of cancellation {unknown}
 q - 2 potions of resistance
 u - 2 potions of mutation {unknown}
 z - 4 potions of brilliance {unknown}
 F - a potion of lignification {unknown}
 I - 2 potions of might
 J - 5 potions of haste {unknown}
Miscellaneous
 H - a lightning rod (2/4)


   Skills:
 - Level 5.0 Fighting
 + Level 10.4 Long Blades
 - Level 5.0 Armour
 - Level 5.0 Shields
 - Level 5.0 Invocations


You had 9 spell levels left.
You didn't know any spells.
Your spell library contained the following spells:

 Spells                   Type           Power      Damage    Failure   Level
 Sting                    Tmut/Pois      0%         1d3       58%         1
 Corpse Rot               Necr/Air       0%         N/A       73%         2
 Poisonous Vapours        Pois/Air       0%         N/A       73%         2
 Static Discharge         Conj/Air       0%         N/A       73%         2
 Dazzling Flash           Conj/Hex       0%         N/A       91%         3
 Stone Arrow              Conj/Erth      0%         3d7       91%         3
 Dispel Undead            Necr           0%         3d6       100%        4
 Olgreb's Toxic Radiance  Pois           0%         N/A       100%        4
 Sticky Flame             Conj/Fire      0%         2d3       100%        4
 Agony                    Necr           0%         N/A       100%        5
 Silence                  Hex/Air        0%         N/A       100%        5
 Lehudib's Crystal Spear  Conj/Erth      0%         10d2      100%        8
 Summon Small Mammal      Summ           Unusable   N/A       N/A         1
 Call Canine Familiar     Summ           Unusable   N/A       N/A         3
 Summon Guardian Golem    Hex/Summ       Unusable   N/A       N/A         3
 Animate Armour           Summ/Erth      Unusable   N/A       N/A         4

Dungeon Overview and Level Annotations

Branches:
Dungeon (10/15)            Temple (1/1) D:5          Bailey (1/1)
   Lair: D:8-11         Orc: D:9-12

Altars:
Ashenzari
Cheibriados
Dithmenos
Elyvilon
Fedhas
Gozag
Hepliaklqana
Kikubaaqudgha
Makhleb
Nemelex Xobeh
Okawaru
Qazlal
Ru
Sif Muna
Trog
Uskayaw
Vehumet
Xom
Yredelemnul
Zin
The Shining One

Shops:
D:4 =

Annotations:
D:5 2 transporters, Zyrax's ghost, amateur FeSu


Innate Abilities, Weirdness & Mutations

You have razor-sharp teeth.
Your natural rate of healing is unusually fast.
When hurt, damage is shared between your health and your magic reserves.
Your bite disrupts and absorbs the magic of your enemies.
Potions cannot restore your health.


Message History

The orc knight is moderately wounded.
The orc knight hits you with a +0 halberd!!
You closely miss the orc knight. You bite the orc knight! You drain its power.
You feel invigorated.
The orc knight is heavily wounded.
The orc knight hits you from afar with a +0 halberd.
You block the orc knight's attack.
You completely miss the orc knight.
The orc knight is heavily wounded.
The orc warrior misses you. You block the orc knight's attack.
You slice the orc knight!!
The orc knight is almost dead.
The orc knight roars a battlecry!
The orc knight goes into a battle-frenzy!
The orc warrior closely misses you. The orc knight closely misses you.
You slice the orc knight!!
You kill the orc knight!
Okawaru accepts your kill.
The orc warrior hits you from afar with a +0 glaive!!
* * * LOW HITPOINT WARNING * * *
You see here a +0 trident.
The orc knight roars a battlecry!
Things that are here:
a +0 trident; an orc corpse You see here a +0 spear.
The orc warrior barely misses you.
You see here a +0 trident.
You block the orc warrior's attack.
You hit the orc warrior. Your bite misses the orc warrior.
The orc warrior is lightly wounded.
The orc knight no longer looks unusually strong.
You block the orc warrior's attack.
You slice the orc warrior!! Your bite misses the orc warrior.
The orc warrior is almost dead.
The orc warrior hits you with a +0 glaive!!
* * * LOW HITPOINT WARNING * * *
The orc warrior closely misses you.
You feel like a meek peon again.
The orc warrior hits you with a +0 glaive!!
You die...

#### ############ ...##
##..)))...∩.##
.)).######...))#......#
##.)#....#....###)....#
.8..o..))'.....8.....∩#
##))#....#....###o....#
o...######...).#o.....#
...## ##..)..@..∩.##
#### ############


You could see an orc knight and an orc warrior (strong).

Vanquished Creatures
  A two-headed ogre (D:10)
  2 orc knights (Bailey)
  Sigmund (D:3)
  A wyvern (D:9)
  Eustachio (D:5)
  3 yaks (D:10)
  A steam dragon (D:7)
  5 orc warriors (Bailey)
  A necrophage (D:4)
  3 ogres
  A centaur (D:6)
  A phantom (D:6)
  A bullfrog (D:7)
  3 scorpions
  A water moccasin skeleton (D:4)
  A howler monkey (D:10)
  2 centaur zombies
  A hound (D:6)
  3 jellies
  2 orc priests (D:6)
  A bullfrog skeleton (D:6)
  An iguana (D:6)
  9 orc wizards
  Robin (D:3)
  7 adders
  A shadow imp (D:7)
  A worm (D:4)
  31 orcs
  5 bats
  6 endoplasms
  A giant cockroach (D:4)
  10 goblins
  8 hobgoblins
  5 jackals
  2 quokkas
  7 ball pythons
  8 frilled lizards
  5 kobolds
  2 rats
146 creatures vanquished.

Notes
Turn   | Place    | Note
-------+----------+-------------------------------------------
     0 | D:1      | BALLS the Vine Stalker Fighter began the quest for the Orb.
     0 | D:1      | Reached XP level 1. HP: 11/11 MP: 2/2
    43 | D:1      | Reached skill level 2 in Long Blades
   574 | D:1      | Reached XP level 2. HP: 15/16 MP: 1/3
   600 | D:1      | Found a faded altar of an unknown god.
  1403 | D:2      | Reached skill level 3 in Long Blades
  1403 | D:2      | Reached XP level 3. HP: 19/19 MP: 4/4
  2518 | D:3      | Gained mutation: Your natural rate of healing is unusually
                  | fast. [Vine Stalker growth]
  2518 | D:3      | Reached XP level 4. HP: 19/23 MP: 3/5
  2568 | D:2      | Reached skill level 4 in Long Blades
  2617 | D:3      | Reached XP level 5. HP: 27/27 MP: 6/6
  2621 | D:3      | Noticed Robin
  2642 | D:3      | Killed Robin
  2818 | D:3      | Noticed Sigmund
  2897 | D:3      | Reached skill level 5 in Long Blades
  2900 | D:3      | Killed Sigmund
  2901 | D:3      | Reached skill level 6 in Long Blades
  2901 | D:3      | Reached XP level 6. HP: 29/32 MP: 7/7
  3193 | D:4      | Reached XP level 7. HP: 29/35 MP: 8/8
  3320 | D:4      | Reached skill level 7 in Long Blades
  3361 | D:4      | Found Usiulaum's Jewellery Boutique.
  3675 | D:5      | Entered Level 5 of the Dungeon
  3677 | D:5      | Found a staircase to the Ecumenical Temple.
  3685 | Temple   | Entered the Ecumenical Temple
  3741 | Temple   | Became a worshipper of Warmaster Okawaru
  4032 | D:5      | Noticed Zyrax's ghost (amateur FeSu)
  4061 | D:5      | Noticed Eustachio
  4126 | D:5      | Killed Eustachio
  4282 | D:5      | Found a transporter.
  4285 | D:5      | Found a transporter.
  4548 | D:5      | Reached skill level 5 in Fighting
  4548 | D:5      | Reached skill level 1 in Invocations
  4548 | D:5      | Gained mutation: You have razor-sharp teeth. [Vine Stalker
                  | growth]
  4548 | D:5      | Reached XP level 8. HP: 15/43 MP: 3/10
  5116 | D:6      | Reached * piety under Okawaru
  5199 | D:6      | Reached skill level 5 in Invocations
  5383 | D:6      | Reached XP level 9. HP: 47/47 MP: 13/13
  5388 | D:6      | Identified the ring of the Prince {rCorr EV+4 Int+6 Stlth-}
  5732 | D:7      | Reached skill level 5 in Shields
  5783 | D:7      | Identified the +3 buckler "Xuca" {rElec SInv}
  6323 | D:8      | Noticed a death yak
  6324 | D:8      | Noticed a death yak
  6343 | D:9      | You fall into a shaft and drop 1 floor!
  6343 | D:10     | Entered Level 10 of the Dungeon
  6364 | D:10     | Noticed a two-headed ogre
  6375 | D:10     | Reached ** piety under Okawaru
  6387 | D:10     | Killed a two-headed ogre
  6388 | D:10     | Reached skill level 5 in Armour
  6394 | D:10     | Reached skill level 8 in Long Blades
  6400 | D:10     | Reached *** piety under Okawaru
  6423 | D:9      | Found a flagged portal.
  6449 | Bailey   | Entered a bailey
  6469 | Bailey   | Reached skill level 9 in Long Blades
  6508 | Bailey   | Reached XP level 10. HP: 39/51 MP: 11/14
  6550 | Bailey   | Noticed an orc knight
  6551 | Bailey   | Noticed an orc knight
  6559 | Bailey   | Noticed an orc knight
  6586 | Bailey   | Killed an orc knight
  6587 | Bailey   | Reached skill level 10 in Long Blades
  6630 | Bailey   | Killed an orc knight
  6650 | Bailey   | Mangled by an orc warrior

Illustrated notes

Levels and vault maps discovered:
D:1:      dpeg_arrival_lava_temple_mockup, layout_basic,
          ebering_ecumenical_altar_petrified, minivault_4
D:2:      layout_loops_ring
D:3:      layout_rooms, minmay_misc_feat_four_crosses, uniq_robin, uniq_sigmund
D:4:      layout_rooms, serial_shops, shop, kennysheep_donut
D:5:      minmay_skewed_foursquare, layout_loops_corners,
          minmay_temple_entry_butterflies, gammafunk_ghost_arena,
          hangedman_abyss_or_decor_lesser_grid, uniq_eustachio
D:6:      layout_loops_ring
D:7:      layout_cave_pools, serial_glass, glass_columns_c, glass_columns_a
D:8:      layout_loops_corners, dpeg_lair_monsters
D:9:      layout_loops_cross, nicolae_wu_jian_wuxing_cycle, orc_0_dummy,
          enter_bailey_6, minivault_20
D:10:     minmay_the_grid_triangle_9x9_rhombus_thin
          [minmay_the_grid_triangle_9x9_odd_lines,
          minmay_the_grid_triangle_9x9_prize_insulated,
          minmay_the_grid_triangle_9x9_fully_insulated_deathbox,
          minmay_the_grid_triangle_9x9_descending_squares], layout_long_grid,
          nicolae_elemental_shop
Temple:   mainiacjoe_temple_hex_bubbles
Bailey:   bailey_polearm_5, bailey

Skill      XL: |  1  2  3  4  5  6  7  8  9 10 |
---------------+-------------------------------+-----
Long Blades    | 2 3 4 6 7 9 10 | 10.4
Fighting       | 5 |  5.0
Invocations    | 1 5 |  5.0
Shields        | 4 5 |  5.0
Armour         | 5 |  5.0

Action                   |  1- 3 |  4- 6 |  7- 9 | 10-12 || total
-------------------------+-------+-------+-------+-------++-------
Melee: Long sword        |   109 |   102 |   287 |    23 ||   521
       Bite              |    20 |    27 |    94 |     6 ||   147
Invok: Heroism           |       |       |     3 |     2 ||     5
Evoke: Wand              |       |       |       |     5 ||     5
       Lightning rod     |       |       |       |     2 ||     2
  Use: Potion            |       |     1 |     1 |     1 ||     3
       Scroll            |       |       |     4 |       ||     4
Armor: Scale mail        |    43 |    33 |    99 |     1 ||   176
Dodge: Dodged            |    49 |    36 |   138 |    23 ||   246
Block: Buckler           |    25 |    27 |    91 |    25 ||   168
       Kite shield       |       |       |     4 |       ||     4
